 Seeded DCSS version 0.28-a0-938-gbc3f381ebc (webtiles) character file.

Game seed: 20211130 (custom seed)

12471 a11behringer the Basher (level 11, 0/106 HPs)
             Began as a Gargoyle Berserker on Nov 30, 2021.
             Was a Priest of Trog.
             Constricted to death by a naga (5 damage)
             ... on level 2 of the Lair of Beasts.
             The game lasted 00:42:49 (13141 turns).

a11behringer the Basher (Gargoyle Berserker)       Turns: 13141, Time: 00:42:52

Health: 0/106      AC: 27    Str: 22    XL:     11   Next: 93%
Magic:  11/11      EV:  4    Int:  8    God:    Trog [***...]
Gold:   348        SH:  0    Dex:  9    Spells: 10/10 levels left

rFire   . . .      SeeInvis .   E - +3 flail "Kuugh" {elec, Fly rC++ rCorr Str-2}
rCold   + + .      Faith    .   (no shield)
rNeg    + + +      Spirit   .   D - +0 plate armour
rPois   ∞          Reflect  .   (no helmet)
rElec   +          Harm     .   s - +0 cloak
rCorr   +          Rampage  .   r - +0 pair of gloves
Will    ++...                   P - +0 pair of boots
Stlth   ..........              (no amulet)
HPRegen 1.27/turn               t - ring of positive energy
MPRegen 0.12/turn               y - ring of positive energy

@: berserking, strong-willed, flying, regenerating, constricted, very quick
A: sickness immunity, AC +8, negative energy resistance 1, electricity
resistance, torment resistance 1, petrification resistance
a: Renounce Religion, Berserk, Trog's Hand


You were on level 2 of the Lair of Beasts.
You worshipped Trog.
Trog was most pleased with you.
You visited 2 branches of the dungeon, and saw 12 of its levels.
You also visited: Sewer.

You collected 569 gold pieces.
You spent 221 gold pieces at shops.

Inventory:

Hand Weapons
 a - a +1 mace
 k - a +1 short sword of flaming
 u - a +0 shortbow
 E - the +3 flail "Kuugh" (weapon) {elec, Fly rC++ rCorr Str-2}
   (You bought it in a shop on level 3 of the Dungeon)

   It occasionally discharges a powerful burst of electricity upon striking a
   foe.
   Str:       It affects your strength (-2).
   rC:        It greatly protects you from cold.
   Fly:       It grants you flight.
   rCorr:     It protects you from acid and corrosion.
 H - a +3 mace of freezing
Missiles
 i - 43 poisoned darts (quivered)
 n - 228 arrows
 U - a throwing net
Armour
 b - a +0 animal skin
 f - a +0 ring mail
 j - a +0 chain mail
 r - a +0 pair of gloves (worn)
 s - a +0 cloak (worn)
 D - a +0 plate armour (worn)
 P - a +0 pair of boots (worn)
Jewellery
 t - a ring of positive energy (left hand)
 y - a ring of positive energy (right hand)
 J - a +4 ring of protection
 M - a +4 ring of protection
 N - an amulet of magic regeneration
Wands
 v - a wand of flame (11)
 F - a wand of mindburst (10)
 K - a wand of digging (6)
 O - a wand of paralysis (13)
Scrolls
 g - 7 scrolls of enchant weapon
 o - 3 scrolls of fog
 p - 3 scrolls of enchant armour
 w - 2 scrolls of fear
 G - a scroll of summoning
 L - a scroll of magic mapping
 Q - 3 scrolls of identify
 R - a scroll of blinking
 S - a scroll of teleportation
Potions
 c - 2 potions of cancellation
 d - a potion of might
 e - 2 potions of lignification
 h - 3 potions of curing
 l - 2 potions of attraction
 m - a potion of mutation
 q - 3 potions of haste
 x - 3 potions of degeneration
 z - 2 potions of flight
 A - a potion of ambrosia
 B - a potion of invisibility
 C - 2 potions of resistance
 I - a potion of berserk rage
 T - 2 potions of brilliance {unknown}


   Skills:
 + Level 9.0 Fighting
 + Level 14.5 Maces & Flails
 * Level 0.1 Bows
 + Level 10.4 Armour
 + Level 2.0 Dodging


You had 10 spell levels left.
You didn't know any spells.
Your spell library was empty.

Dungeon Overview and Level Annotations

Branches:
Dungeon (10/15)            Temple (0/1) D:4            Lair (2/6) D:9
  Snake (0/4) Lair:2        Sewer (visited)
  Swamp: Lair:2-4    Shoals: Lair:2-4       Orc: D:9-12

Altars:
Elyvilon

Shops:
D:3 ((*([


Innate Abilities, Weirdness & Mutations

You are immune to sickness and miasma.
Your stone body is resilient. (AC +8)
You are immune to poison.
You resist negative energy. (rN+)
You are resistant to electric shocks. (rElec)
You are resistant to unholy torment.
You are immune to petrification.


Message History

The naga is heavily wounded.
The naga hits you with a +0 mace!
* * * LOW HITPOINT WARNING * * *
The naga grabs you. The naga constricts you.
* * * LOW HITPOINT WARNING * * *
The naga hits you but does no damage.
Your skin crawls.
You feel strong-willed. The naga hits you but does no damage.
The naga constricts you. The naga hits you with a +0 trident!
* * * LOW HITPOINT WARNING * * *
A red film seems to cover your vision as you go berserk!
You feel yourself moving faster!
You feel mighty! The naga hits you but does no damage. The naga constricts you.
The naga hits you but does no damage.
You hit the naga.
The naga is severely wounded.
You hit the naga.
The naga is severely wounded.
The naga barely misses you. The naga constricts you.
The naga hits you with a +0 trident!
* * * LOW HITPOINT WARNING * * *
You closely miss the naga.
The naga is severely wounded.
You closely miss the naga.
The naga is severely wounded.
The naga hits you but does no damage. The naga constricts you.
* * * LOW HITPOINT WARNING * * *
The naga spits poison at you.
The splash of poison hits you but does no damage.
You resist.
You barely miss the naga.
The naga is severely wounded.
You sock the naga!
You kill the naga!
Trog accepts your kill. The naga spits poison at you.
The splash of poison hits you but does no damage.
You resist. The naga constricts you.
You die...

##P##..+# #.......
#....... P #......
#######
P.+......###.....##
#.......##........ #
. #.#.....#...#...#
.#..
+......<....#.>)#
..?..
###.....#)..#.N@#...#
#.#.P###.....)...# #
### ###..)..###
#######


You could see a naga (catching breath).

Vanquished Creatures
  2 two-headed ogres (D:10)
  4 elephants (D:9)
  A manticore (D:9)
  3 cane toads (Lair:1)
  2 trolls (D:9)
  Grinder (D:6)
  A meliai zombie (D:9)
  3 shadows
  11 yaks
  3 wyverns
  2 steam dragons (D:7)
  3 nagas (Lair:2)
  An acid dragon (D:8)
  A water moccasin (D:7)
  Duvessa (D:5)
  2 sky beasts
  Pargi (Sewer)
  4 black bears
  4 orc warriors
  3 necrophages
  3 boggarts (D:10)
  2 ogres (D:6)
  4 centaurs
  2 kobold brigands (D:7)
  5 bullfrogs
  A gnoll sergeant (D:5)
  A scorpion (D:5)
  A water moccasin skeleton (D:4)
  Dowan (D:5)
  8 killer bees
  A howler monkey (D:7)
  3 electric eels (D:9)
  6 wights (D:7)
  3 centaur zombies
  2 bullfrog zombies
  10 hounds
  2 orc priests
  A centaur skeleton (D:7)
  A jelly (D:4)
  3 iguanas
  6 orc wizards
  5 gnolls (D:5)
  A howler monkey skeleton (D:4)
  4 adders
  An adder skeleton (D:4)
  2 worms
  5 dart slugs
  18 orcs
  5 bats
  7 endoplasms
  8 giant cockroaches
  8 goblins
  12 hobgoblins
  16 kobolds
  10 quokkas
  4 ball pythons
  5 frilled lizards
  2 rats (D:1)
232 creatures vanquished.

Vanquished Creatures (collateral kills)
  An adder (D:2)
  A bat (D:2)
  A rat (D:2)
3 creatures vanquished.

Vanquished Creatures (others)
  A fungus (Lair:1)
  39 plants
40 creatures vanquished.

Grand Total: 275 creatures vanquished

Notes
Turn   | Place    | Note
-------+----------+-------------------------------------------
     0 | D:1      | a11behringer the Gargoyle Berserker began the quest for the
                  | Orb.
     0 | D:1      | Reached XP level 1. HP: 14/14 MP: 1/1
   285 | D:1      | Reached XP level 2. HP: 12/19 MP: 2/2
   323 | D:1      | Found a faded altar of an unknown god.
   875 | D:1      | Reached XP level 3. HP: 23/23 MP: 3/3
  1311 | D:2      | Reached skill level 4 in Maces & Flails
  1370 | D:2      | Reached ** piety under Trog
  1464 | D:2      | Reached XP level 4. HP: 29/29 MP: 4/4
  2157 | D:3      | Found Yxiqedes's Antique Weapon Boutique.
  2249 | D:3      | Found Mep Gadi's Antique Weapon Shoppe.
  2277 | D:3      | Found Nuhottor's General Store.
  2338 | D:3      | Found Cixkoipn's Antique Armour Shop.
  2566 | D:3      | Reached skill level 5 in Maces & Flails
  2566 | D:3      | Reached XP level 5. HP: 20/33 MP: 5/5
  2915 | D:3      | Found Guifef Xatu's Weapon Shop.
  3272 | D:4      | Found a staircase to the Ecumenical Temple.
  3341 | D:4      | Reached *** piety under Trog
  3342 | D:4      | Reached XP level 6. HP: 38/38 MP: 6/6
  4069 | D:5      | Entered Level 5 of the Dungeon
  4170 | D:5      | Reached skill level 6 in Maces & Flails
  4483 | D:5      | Noticed Dowan
  4484 | D:5      | Noticed Duvessa
  4495 | D:5      | Killed Duvessa
  4496 | D:5      | Reached XP level 7. HP: 43/43 MP: 7/7
  4503 | D:5      | Killed Dowan
  4575 | D:5      | Reached skill level 7 in Maces & Flails
  4599 | D:5      | HP: 1/44 [gnoll (5)]
  4810 | D:3      | Found a white marble altar of Elyvilon.
  5650 | D:3      | Bought a faintly glowing flail for 221 gold pieces
  5650 | D:3      | Identified the +3 flail "Kuugh" {elec, Fly rC++ rCorr
                  | Str-2} (You bought it in a shop on level 3 of the Dungeon)
  5741 | D:6      | Reached XP level 8. HP: 46/48 MP: 8/8
  5776 | D:6      | Reached skill level 8 in Maces & Flails
  5791 | D:6      | Found a glowing drain.
  5810 | D:6      | Reached skill level 5 in Armour
  5832 | Sewer    | Entered a sewer
  5998 | Sewer    | Noticed Pargi
  6007 | Sewer    | Killed Pargi
  6008 | Sewer    | Reached skill level 5 in Fighting
  6219 | D:6      | Reached skill level 9 in Maces & Flails
  6293 | D:6      | Noticed Grinder
  6301 | D:6      | Killed Grinder
  6433 | D:6      | Reached XP level 9. HP: 39/54 MP: 9/9
  7011 | D:7      | Reached skill level 10 in Maces & Flails
  7861 | D:7      | Reached skill level 11 in Maces & Flails
  8580 | D:7      | Reached XP level 10. HP: 34/61 MP: 10/10
  9105 | D:8      | Reached skill level 12 in Maces & Flails
  9402 | D:9      | Identified the +2 hand axe of Untimely Demise {pain, rElec}
  9415 | D:9      | Noticed an elephant
  9431 | D:9      | Killed an elephant
  9693 | D:9      | Noticed an elephant
  9700 | D:9      | Killed an elephant
  9833 | D:9      | Found a staircase to the Lair.
 10094 | D:9      | Noticed an elephant
 10111 | D:9      | Killed an elephant
 10466 | D:9      | Reached skill level 13 in Maces & Flails
 10648 | D:10     | Entered Level 10 of the Dungeon
 10675 | D:10     | Reached XP level 11. HP: 67/68 MP: 11/11
 10680 | D:10     | Noticed a two-headed ogre
 10689 | D:10     | Noticed a two-headed ogre
 10695 | D:10     | Killed a two-headed ogre
 10707 | D:10     | Killed a two-headed ogre
 11181 | D:9      | Noticed a manticore
 11188 | D:9      | Killed a manticore
 11393 | D:9      | Reached skill level 14 in Maces & Flails
 11978 | Lair:1   | Entered Level 1 of the Lair of Beasts
 12202 | Lair:1   | Reached skill level 10 in Armour
 13123 | Lair:2   | Found a staircase to the Snake Pit.
 13137 | Lair:2   | HP: 3/106 [naga (15)]
 13141 | Lair:2   | Constricted to death by a naga

Illustrated notes

Levels and vault maps discovered:
D:1:      saegor_arrival_simple_d, layout_rooms,
          hellmonk_ecumenical_altar_zigzags, minmay_vboxes
D:2:      layout_loops_ring, minmay_mini_jars
D:3:      layout_basic, nicolae_overflow_hidden_temple, serial_shops,
          nicolae_shop_behind_doors, nicolae_shop_waterfront, shop,
          nicolae_shop_waterfront, shop, minivault_26, kennysheep_cross_room
D:4:      layout_basic, minmay_temple_entry_mist
D:5:      minmay_spotlight, layout_basic, uniq_duvessa
D:6:      layout_loops_cross, portal_sewer_entry_f, uniq_grinder
D:7:      layout_basic, grunt_ministairs_14, minmay_fractal_squares_5
D:8:      layout_cave_pools
D:9:      wad_woods_tower, layout_small_grid, erik_lair_island,
          solitary_fountain
D:10:     layout_big_octagon, chequers_garden
Lair:1:   layout_loops_ring, grunt_megastairs_4, lemuel_fruit_tree
Lair:2:   layout_roguey, minmay_snake_entry_guardpost_medium,
          lemuel_centaur_altar, serial_bayou_shore_a

Skill      XL: |  1  2  3  4  5  6  7  8  9 10 11 |
---------------+----------------------------------+-----
Maces & Flails | 4 5 6 7 9 11 13 14 | 14.5
Dodging        | 2 |  2.0
Fighting       | 4 5 6 7 9 |  9.0
Armour         | 3 4 5 7 8 10 | 10.4
Bows           | |  0.1

Action                   |  1- 3 |  4- 6 |  7- 9 | 10-12 || total
-------------------------+-------+-------+-------+-------++-------
Melee: Mace              |   117 |   158 |    75 |       ||   350
       Flail             |       |       |   197 |   385 ||   582
Invok: Berserk           |     2 |     2 |     2 |     8 ||    14
       Trog's Hand       |       |     1 |     6 |     8 ||    15
  Use: Scroll            |     5 |     8 |    10 |     6 ||    29
Armor: Animal skin       |    24 |       |       |       ||    24
       Ring mail         |    27 |       |       |       ||    27
       Chain mail        |    15 |    88 |   218 |     1 ||   322
       Plate armour      |       |       |       |   483 ||   483
Dodge: Dodged            |    95 |    57 |   151 |   221 ||   524

Table legend: (Time is in decaauts)
 A = Elapsed time spent in this place.
 B = Non-inter-level travel time spent in this place.
 C = Inter-level travel time spent in this place.
 D = Time resting spent in this place.
 E = Time spent auto-exploring this place.
 F = Levels seen in this place.
 G = Mean time per level.
                   A        B        C        D        E       F      G
               +--------+--------+--------+--------+--------+-----+--------+
         Total |  13203 |  11164 |   2039 |      0 |   9114 |  13 | 1015.6 |
       Dungeon |  11831 |   9876 |   1955 |      0 |   8061 |  10 | 1183.1 |
          Lair |   1138 |   1054 |     84 |      0 |    945 |   2 |  569.0 |
         Sewer |    233 |    233 |      0 |      0 |    108 |   1 |  233.0 |
               +--------+--------+--------+--------+--------+-----+--------+

Top non-repeatable levels by time:
     D:9: 1983 daAuts
     D:7: 1853 daAuts
     D:5: 1344 daAuts
     D:1: 1267 daAuts
     D:4: 1222 daAuts
     D:3: 1167 daAuts
  Lair:1: 1118 daAuts
     D:6: 926 daAuts
     D:8: 831 daAuts
     D:2: 808 daAuts
    D:10: 426 daAuts
   Sewer: 233 daAuts
  Lair:2: 19 daAuts
